 Dungeon Crawl Stone Soup version 0.30-a0-711-gf4ac18a38d (webtiles) character file.

Game seed: 3296629271775525382

9286 omnomnOMINOUS the Sneak (level 11, 0/74 HPs)
             Began as an Octopode Wanderer on Jan 21, 2023.
             Was an Elder of Lugonu.
             Slain by a black mamba (3 damage)
             ... on level 1 of the Lair of Beasts on Jan 22, 2023.
             The game lasted 00:44:08 (11603 turns).

omnomnOMINOUS the Sneak (Octopode Wanderer)        Turns: 11603, Time: 00:44:09

Health: 0/74       AC:  5    Str: 14    XL:     11   Next: 44%
Magic:  14/17      EV: 14    Int: 20    God:    Lugonu [****..]
Gold:   1016       SH:  7    Dex: 10    Spells: 1/18 levels left

rFire   + . .      SeeInvis +    b - +4 dagger (vamp)
rCold   . . .      Faith    .    d - +2 buckler
rNeg    . . .      Spirit   .    (helmet restricted)
rPois   .          Reflect  .    (no amulet)
rElec   .          Harm     .    h - ring of see invisible
rCorr   +          Rampage  .    x - ring of resist corrosion
Will    .....                    l - ring of protection from fire
Stlth   ++++                     (no ring)
HPRegen 0.32/turn                (no ring)
MPRegen 0.15/turn                (no ring)
                                 (no ring)
                                 (no ring)

@: confusing by touch, hasted, very quick
A: almost no armour, amphibious, 8 rings, camouflage 1, gelatinous body 1,
(nimble swimmer 1), tentacles, iridescent scales 2, strong 1
a: Renounce Religion, Depart the Abyss, Banish, Corrupt


You were on level 1 of the Lair of Beasts.
You worshipped Lugonu.
Lugonu was greatly pleased with you.
You visited 2 branches of the dungeon, and saw 10 of its levels.
You visited the Abyss 1 time.

You collected 1088 gold pieces.
You spent 72 gold pieces at shops.

Inventory:

Hand Weapons
 a - a +2 rapier of speed
 b - a +4 vampiric dagger (weapon)
 c - a +4 short sword of freezing
Missiles
 r - 3 curare-tipped darts
 t - 34 poisoned darts
 E - 4 throwing nets
Armour
 d - a +2 buckler (worn)
Magical Staves
 v - a staff of poison
 D - a staff of air
Jewellery
 h - a ring of see invisible (left tentacle)
 l - a ring of protection from fire (on tentacle)
 x - a ring of resist corrosion (right tentacle)
Wands
 g - a wand of polymorph (4)
 s - a wand of quicksilver (3)
 z - a wand of iceblast (6)
 B - a wand of digging (7)
Scrolls
 e - a scroll of vulnerability
 i - a scroll of torment {unknown}
 j - 2 scrolls of silence
 k - 2 scrolls of noise
 m - a scroll of magic mapping {unknown}
 p - 2 scrolls of immolation {unknown}
 q - 3 scrolls of poison
 u - 2 scrolls of enchant weapon
 w - a scroll of brand weapon
 y - 2 scrolls of enchant armour
 F - a scroll of fog {unknown}
Potions
 o - 3 potions of flight
 C - a potion of might {unknown}
 G - a potion of attraction {unknown}


   Skills:
 + Level 6.8 Fighting
 + Level 5.1 Short Blades
 + Level 6.9 Dodging
 + Level 7.6 Stealth
 - Level 6.0 Shields
 - Level 4.0 Spellcasting
 + Level 4.1 Conjurations
 + Level 4.9 Hexes
 - Level 2.0 Necromancy
 - Level 4.0 Ice Magic
 + Level 4.2 Earth Magic
 + Level 6.7 Invocations


You had one spell level left.
You knew the following spells:

 Your Spells              Type           Power      Damage    Failure   Level
a - Apportation           Tloc           8%         N/A       16%         1
b - Searing Ray           Conj           40%        2d5       4%          2
c - Confusing Touch       Hex            23%        N/A       6%          3
d - Iron Shot             Conj/Erth      10%        9d3       99%         6
e - Petrify               Tmut/Erth      12%        N/A       56%         4
f - Freeze                Ice            80%        1d9       3%          1

Your spell library contained the following spells:

 Spells                   Type           Power      Damage    Failure   Level
 Magic Dart               Conj           80%        1d7       3%          1
 Kiss of Death            Conj/Necr      64%        2d10      4%          1
 Necrotise                Necr           48%        1d6       7%          1
 Summon Small Mammal      Summ           16%        N/A       16%         1
 Ozocubu's Armour         Ice            20%        N/A       10%         3
 Momentum Strike          Conj/Tloc      24%        3d8       11%         2
 Sublimation of Blood     Necr           12%        N/A       11%         2
 Cigotuvi's Dreadful Rot  Necr/Pois/Air  12%        N/A       19%         2
 Blink                    Tloc           8%         N/A       24%         2
 Lesser Beckoning         Tloc           8%         N/A       24%         2
 Fulminant Prism          Conj/Hex       11%        3d8       26%         4
 Dispel Undead            Necr           12%        3d9       56%         4
 Ice Form                 Ice/Tmut       12%        N/A       56%         4
 Iskenderun's Battlesphe  Conj           20%        2d7       63%         5
 Olgreb's Toxic Radiance  Pois           4%         N/A       85%         4
 Irradiate                Conj/Tmut      6%         3d13      89%         5
 Ozocubu's Refrigeration  Ice            10%        4d9       100%        7
 Spellforged Servitor     Conj/Summ      6%         N/A       100%        7
 Ignition                 Fire           2%         3d3       100%        8


Dungeon Overview and Level Annotations

Branches:
Dungeon (9/15)             Temple (0/1) D:7            Lair (1/5) D:8
    Orc: D:9-12

Altars:
Ashenzari
Makhleb
Nemelex Xobeh
Okawaru
Qazlal
Ru
Trog
Yredelemnul
Lugonu

Shops:
D:3 !   D:5 [

Annotations:
D:8 4 runed translucent doors


Innate Abilities, Weirdness & Mutations

You cannot wear most types of armour.
You are amphibious.
You can wear up to eight rings at the same time.
Your skin changes colour to match your surroundings (Stealth+).
Your rubbery body absorbs attacks. (AC +1, EV +1)
((You are camouflaged when in or above water. (Stealth+)))
You have tentacles for arms and can constrict up to eight enemies at once.
You are mostly covered in iridescent scales. (AC +4)
Your muscles are strong. (Str +4, Int/Dex -1)


Message History

You constrict the black mamba. The black mamba bites you!
* * * LOW HITPOINT WARNING * * *
You hit the black mamba but do no damage.
You squeeze the black mamba.
The black mamba is moderately wounded.
You constrict the black mamba. The black mamba bites you!
* * * LOW HITPOINT WARNING * * *
Blink to where?
Press: ? - help, Dir - move target You lose your grip on the black mamba.
As you read the scroll of blinking, it crumbles to dust.
Aiming: Iceblast
Press: ? - help, Shift-Dir - straight line, f - black mamba
Aim: a black mamba (moderately wounded, chance to confuse on hit: 55%)
Okay, then.
Unknown command.
It was a potion of haste.
You feel yourself speed up. The black mamba barely misses you.
Press: ? - help, v - describe, . - travel The floor.
Unknown command.
Unknown command.
Okay, then.
Unknown command.
Okay, then.
Unknown command.
Unknown command.
Okay, then.
Unknown command.
Okay, then.
Unknown command.
Unknown command.
You feel a sense of dread.
b - a +4 vampiric dagger (weapon)
You hit the black mamba but do no damage.
You grab the black mamba.
You tentacle-slap the black mamba, but do no damage.
The black mamba is moderately wounded.
You constrict the black mamba. The black mamba bites you.
You die...

### ##.## ##SS@##
###§.##.## #.†####..#
##.# ##..# #..#.##..#
## ##..# #.####P###.##
# #..###.##.........
#.###..##......#.### #
#.###.#.#.....##.#.###


You could see a black mamba and a water moccasin.

Vanquished Creatures
  Harold (D:9)
  Erolcha (D:9)
  A death yak (D:8)
  Pikel (D:8)
  A black mamba (Lair:1)
  An unseen horror (Abyss:1)
  A kobold demonologist (D:9)
  A hornet (D:7)
  Grinder (D:4)
  2 shadows (D:9)
  A wyvern (D:9)
  3 steam dragons
  A basilisk (D:8)
  Edmund (D:6)
  Duvessa (D:5)
  5 water moccasins
  3 orc warriors
  2 ice beasts
  3 black bears
  6 wolves
  An ogre (D:6)
  2 centaurs (D:6)
  3 lemures (D:8)
  3 kobold brigands
  5 bullfrogs
  4 wights (D:8)
  8 killer bees
  Dowan (D:5)
  9 howler monkeys
  3 hounds
  2 gnoll boudas
  8 orc priests
  A jelly (D:6)
  6 iguanas
  8 orc wizards
  8 gnolls
  17 adders
  2 shadow imps (D:6)
  3 white imps
  An ufetubus (D:6)
  4 worms
  6 dart slugs
  16 orcs
  7 ball pythons
  3 bats
  7 endoplasms
  2 giant cockroaches (D:1)
  8 hobgoblins
  4 jackals (D:1)
  14 kobolds
  4 quokkas
  6 frilled lizards
  3 goblins
  6 rats
222 creatures vanquished.

Vanquished Creatures (others)
  An orc (D:6)
  4 fungi
  2 plants (D:8)
7 creatures vanquished.

Grand Total: 229 creatures vanquished

Notes
Turn   | Place    | Note
-------+----------+-------------------------------------------
     0 | D:1      | omnomnOMINOUS the Octopode Wanderer began the quest for the
                  | Orb.
     0 | D:1      | omnomnOMINOUS set off with the following items: a +0
                  | dagger, a scroll of teleportation, a potion of
                  | lignification; and the following spell memorised: Freeze;
                  | and the following spells available to memorise: Ozocubu's
                  | Armour, Sublimation of Blood, Cigotuvi's Dreadful Rot, Ice
                  | Form.
     0 | D:1      | Reached XP level 1. HP: 13/13 MP: 2/2
   172 | D:1      | Reached XP level 2. HP: 18/18 MP: 3/3
   339 | D:1      | Reached XP level 3. HP: 24/24 MP: 5/5
   890 | D:2      | Reached XP level 4. HP: 12/29 MP: 7/7
  1350 | D:2      | Learned a level 1 spell: Apportation
  1658 | D:3      | Found a faded altar of an unknown god.
  1760 | D:3      | Found a sacrificial altar of Ru.
  1813 | D:3      | Prayed at the altar of an unknown god.
  1813 | D:3      | Became a worshipper of Lugonu the Unformed
  1813 | D:3      | Reached * piety under Lugonu
  1835 | D:3      | Found Rowo's Distillery.
  1839 | D:3      | Bought a potion of curing for 36 gold pieces
  1839 | D:3      | Bought a potion of curing for 36 gold pieces
  1928 | D:3      | Found an iron altar of Okawaru.
  2012 | D:3      | Reached XP level 5. HP: 35/35 MP: 8/8
  2038 | D:3      | Found a sparkling altar of Nemelex Xobeh.
  2423 | D:3      | You fall into a shaft and drop 3 floors!
  2439 | D:5      | Entered Level 5 of the Dungeon
  2447 | D:5      | Found Koty Oga's Antique Armour Shop.
  2468 | D:5      | Noticed Duvessa
  2481 | D:5      | Found a burning altar of Makhleb.
  2504 | D:5      | Killed Duvessa
  2505 | D:5      | Reached skill level 1 in Shields
  2505 | D:5      | Reached skill level 1 in Invocations
  2505 | D:5      | Reached XP level 6. HP: 25/42 MP: 8/10
  2535 | D:5      | Noticed Dowan
  2542 | D:5      | Killed Dowan
  2939 | D:4      | Noticed Grinder
  2963 | D:4      | Killed Grinder
  2964 | D:4      | Reached XP level 7. HP: 21/46 MP: 10/12
  3139 | D:4      | Reached ** piety under Lugonu
  3577 | D:4      | Found a basalt altar of Yredelemnul.
  4327 | D:5      | Found a broken altar of Ashenzari.
  4378 | D:5      | Reached XP level 8. HP: 52/54 MP: 13/13
  4667 | D:5      | Learned a level 3 spell: Confusing Touch
  5103 | D:6      | Noticed Edmund
  5121 | D:6      | Killed Edmund
  5122 | D:6      | Reached skill level 2 in Stealth
  5349 | D:6      | Reached skill level 1 in Short Blades
  5349 | D:6      | Reached skill level 1 in Hexes
  5551 | D:6      | Found a bloodstained altar of Trog.
  5580 | D:6      | HP: 2/54 [orc wizard/magic dart (9)]
  5620 | D:6      | Reached skill level 3 in Stealth
  5755 | D:6      | Reached XP level 9. HP: 55/60 MP: 15/15
  5769 | D:6      | Reached skill level 5 in Fighting
  5769 | D:6      | Reached skill level 5 in Dodging
  5799 | D:6      | Reached *** piety under Lugonu
  5800 | D:6      | Reached skill level 4 in Stealth
  5907 | D:6      | Learned a level 6 spell: Iron Shot
  6108 | D:6      | Learned a level 4 spell: Petrify
  6170 | D:7      | Found a staircase to the Ecumenical Temple.
  6178 | D:7      | Noticed a hornet
  6196 | D:7      | Killed a hornet
  6357 | D:7      | Reached skill level 1 in Earth Magic
  6363 | D:7      | Reached skill level 1 in Conjurations
  6543 | D:7      | Gained mutation: You are partially covered in iridescent
                  | scales. (AC +2) [potion of mutation]
  6543 | D:7      | Gained mutation: You are mostly covered in iridescent
                  | scales. (AC +4) [potion of mutation]
  6543 | D:7      | Gained mutation: Your muscles are strong. (Str +4, Int/Dex
                  | -1) [potion of mutation]
  6549 | D:7      | Reached skill level 5 in Invocations
  7211 | D:7      | Reached skill level 5 in Stealth
  7511 | D:8      | Reached skill level 5 in Shields
  7511 | D:8      | Reached XP level 10. HP: 56/68 MP: 16/16
  7756 | D:8      | Noticed a death yak
  7776 | D:8      | Noticed an elephant
  7840 | D:8      | Noticed Pikel
  8016 | D:8      | Learned a level 2 spell: Searing Ray
  8037 | D:8      | Reached **** piety under Lugonu
  8370 | D:8      | Found a staircase to the Lair.
  8471 | D:8      | Killed a death yak
  8472 | D:8      | Reached skill level 6 in Stealth
  8546 | D:8      | Found a huge runed translucent gate.
  8547 | D:8      | Found a huge runed translucent gate.
  8547 | D:8      | Found a huge runed translucent gate.
  8547 | D:8      | Found a huge runed translucent gate.
  8547 | D:8      | Noticed a death yak
  8550 | D:8      | Noticed a death yak
  8587 | D:8      | Killed Pikel
  9160 | D:9      | Upgraded the game from 0.30-a0-702-gdf48620a09 to
                  | 0.30-a0-711-gf4ac18a38d
  9541 | D:9      | Noticed Erolcha
  9552 | Abyss:1  | Cast into level 1 of the Abyss (Erolcha)
  9556 | Abyss:1  | Noticed an unseen horror
  9577 | Abyss:1  | Killed an unseen horror
  9635 | Abyss:1  | Noticed a tentacled starspawn
  9636 | D:9      | Escaped the Abyss
  9656 | D:9      | Killed Erolcha
  9657 | D:9      | Reached XP level 11. HP: 41/74 MP: 14/17
  9804 | D:9      | Found a stormy altar of Qazlal.
  9987 | D:9      | Noticed Harold
 10000 | D:9      | Killed Harold
 10001 | D:9      | Reached skill level 7 in Stealth
 10187 | D:9      | Identified a scroll of acquirement
 10317 | D:8      | Acquired 446 gold pieces
 10666 | Lair:1   | Entered Level 1 of the Lair of Beasts
 10896 | Lair:1   | Reached skill level 5 in Short Blades
 11599 | Lair:1   | HP: 2/74 [black mamba (16)]
 11603 | Lair:1   | Slain by a black mamba

Illustrated notes

Levels and vault maps discovered:
D:1:      eino_arrival_cavern_a, layout_rooms, nrook_uturn
D:2:      layout_rooms, patterned_corridor
D:3:      layout_basic, lemuel_tele_altar, okawaru_trees_1,
          nicolae_ru_sacrificial_ziggurat, serial_shops, shop,
          basic_ecumenical_altar
D:4:      layout_loops_cross, lemuel_coloured_pillars_altar,
          kennysheep_generic_room_6, uniq_grinder
D:5:      layout_loops_ring, kennysheep_mini_moat, cheibrodos_ashenzari_chains,
          serial_shops, nicolae_shop_overgrown_old_shop, minmay_hedge_maze,
          uniq_duvessa
D:6:      layout_rooms, trog_ov_bears_minmay, minmay_fractal_squares_5,
          uniq_edmund
D:7:      layout_cave_pods, minmay_temple_entry_hall
D:8:      lemuel_bear_cage, layout_basic, david_lair_generic, uniq_pikel
D:9:      layout_irregular_city, lemuel_crystal_altar, uniq_harold, uniq_erolcha
Lair:1:   minmay_guarded_unrand_snakebite, layout_regular_city, wad_woods_06,
          infiniplex_staircase_pool_2

Skill      XL: |  1  2  3  4  5  6  7  8  9 10 11 |
---------------+----------------------------------+-----
Fighting       | 2 3 4 5 6 |  6.8
Dodging        | 2 3 4 5 6 |  6.9
Spellcasting   | 2 3 4 |  4.0
Shields        | 1 2 3 4 5 6 |  6.0
Invocations    | 1 2 3 4 5 6 |  6.7
Stealth        | 3 5 6 7 |  7.6
Short Blades   | 2 3 4 5 |  5.1
Hexes          | 2 3 4 |  4.9
Earth Magic    | 2 3 4 |  4.2
Conjurations   | 1 3 4 |  4.1
Necromancy     | |  2.0
Ice Magic      | |  4.0

Action                     |  1- 3 |  4- 6 |  7- 9 | 10-12 || total
---------------------------+-------+-------+-------+-------++-------
  Melee: Dagger            |    64 |     3 |    52 |    99 ||   218
         Constrict         |    22 |    24 |    58 |    62 ||   166
         Tentacles         |    22 |    31 |    79 |   101 ||   233
         Short sword       |    33 |    95 |       |       ||   128
         Spear             |     9 |       |       |       ||     9
         Punch             |       |     2 |     8 |     6 ||    16
         Rapier            |       |    35 |   256 |   226 ||   517
   Cast: Freeze            |     2 |       |     5 |       ||     7
         Confusing Touch   |       |       |     4 |    19 ||    23
         Searing Ray       |       |       |       |     1 ||     1
 Invoke: Depart the Abyss  |       |       |       |     1 ||     1
  Evoke: Wand              |       |       |     6 |     3 ||     9
    Use: Potion            |       |     4 |     9 |     3 ||    16
         Scroll            |       |     3 |     2 |    12 ||    17
   Stab: Sleeping          |     7 |    12 |    13 |     3 ||    35
         Distracted        |       |     1 |       |     1 ||     2
         Paralysed         |       |       |     9 |     6 ||    15
         Invisible         |       |       |     1 |       ||     1
         Confused          |       |       |     3 |    13 ||    16
 Armour: Skin              |    10 |     5 |    18 |    47 ||    80
  Dodge: Dodged            |    57 |    57 |   150 |   165 ||   429
  Block: Buckler           |       |     9 |    42 |    60 ||   111

Table legend: (Time is in decaauts)
 A = Elapsed time spent in this place.
 B = Non-inter-level travel time spent in this place.
 C = Inter-level travel time spent in this place.
 D = Time resting spent in this place.
 E = Time spent auto-exploring this place.
 F = Levels seen in this place.
 G = Mean time per level.
                   A        B        C        D        E       F      G
               +--------+--------+--------+--------+--------+-----+--------+
         Total |  11385 |  11071 |    314 |   3680 |   4958 |  11 | 1035.0 |
       Dungeon |  10591 |  10277 |    314 |   3307 |   4691 |   9 | 1176.8 |
          Lair |    714 |    714 |      0 |    315 |    267 |   1 |  714.0 |
         Abyss |     78 |     78 |      0 |     58 |      0 |   1 |   78.0 |
               +--------+--------+--------+--------+--------+-----+--------+

Top non-repeatable levels by time:
     D:8: 1825 daAuts
     D:4: 1380 daAuts
     D:9: 1377 daAuts
     D:7: 1347 daAuts
     D:5: 1177 daAuts
     D:6: 1069 daAuts
     D:3: 854 daAuts
     D:1: 833 daAuts
     D:2: 725 daAuts
  Lair:1: 714 daAuts
 Abyss:1: 78 daAuts
